 Dungeon Crawl Stone Soup version 0.18-a0-775-g4d9e04e (webtiles) character file.

222 Proton the Agent of Entropy (level 5, -1/42 HPs)
             Began as a Demonspawn Abyssal Knight on Dec 13, 2015.
             Was a Priest of Lugonu.
             Slain by a worker ant (4 damage)
             ... on level 6 of the Dungeon.
             The game lasted 00:04:32 (1858 turns).

Proton the Agent of Entropy (DsAK)                  Turns: 1858, Time: 00:04:32

Health: -1/42      AC:  6    Str: 14    XL:     5   Next: 66%
Magic:  8/8        EV: 10    Int: 16    God:    Lugonu [***...]
Gold:   191        SH:  0    Dex: 12    Spells: 0 memorised, 4 levels left

rFire  . . .     SeeInvis .     a - +1 falchion
rCold  . . .     Clarity  .     k - +0 scale mail
rNeg   . . .     SustAt   .     (no shield)
rPois  +         Gourm    .     (no helmet)
rElec  .         Spirit   .     (no cloak)
rCorr  .         Dismiss  .     (no gloves)
rMut   .         Stasis   .     (no boots)
MR     .....                    (no amulet)
Stlth  ..........               p - +3 ring of intelligence
                                m - ring of poison resistance

@: lethally poisoned (-1 -> -24), not resistant to hostile enchantments,
extremely unstealthy
A: powered by death 1, powered by pain 1, sturdy frame 1
a: Depart the Abyss, Bend Space, Banish, Renounce Religion


You were on level 6 of the Dungeon.
You worshipped Lugonu.
Lugonu was most pleased with you.
You were not hungry.

You visited 1 branch of the dungeon, and saw 4 of its levels.
You visited the Abyss 1 time.

You collected 191 gold pieces.

Inventory:

Hand Weapons
 a - a +1 falchion (weapon)
Armour
 k - a +0 scale mail (worn)
Jewellery
 m - a ring of poison resistance (left hand)
 p - a +3 ring of intelligence (right hand)
Wands
 q - a wand of cold (5)
Scrolls
 d - 4 scrolls of teleportation {unknown}
 e - 9 scrolls of identify {unknown}
 f - a scroll of amnesia {unknown}
 h - a scroll of recharging {unknown}
 l - 2 scrolls of fog {unknown}
 r - a scroll of remove curse {unknown}
 s - a scroll of enchant weapon {unknown}
Potions
 g - a potion of resistance {unknown}
 i - 2 potions of heal wounds {unknown}
 j - a potion of lignification {unknown}
 n - a potion of curing {unknown}
Comestibles
 b - 2 beef jerkies
 c - 3 bread rations
 o - a slice of pizza


   Skills:
 + Level 3.8 Fighting
 + Level 2.1 Long Blades
 + Level 3.1 Armour
 + Level 2.4 Dodging
 + Level 4.5 Invocations


You had 4 spell levels left.
You didn't know any spells.

Dungeon Overview and Level Annotations

Branches:
Dungeon (3/15)

Altars:
Nemelex Xobeh
Vehumet
Zin


Innate Abilities, Weirdness & Mutations

You regenerate a little health from kills.
You sometimes gain a little power by taking damage.
Your movements are slightly less encumbered by armour (ER -2).


Message History

You barely miss the worker ant.
The worker ant is severely wounded.
You feel sick. The worker ant bites you.
* * * LOW HITPOINT WARNING * * *
You are more poisoned.
The worker ant poisons you!
The crimson imp summons a swarm of flies.
The crimson imp barely misses you.
The jackal stops to sniff the ground.
You closely miss the crimson imp.
You feel less regenerative.
* * * LOW HITPOINT WARNING * * *
You feel sick. The worker ant bites you.
* * * LOW HITPOINT WARNING * * *
You are more poisoned.
The worker ant poisons you! The crimson imp puffs mist at you.
The crimson imp hits you but does no damage.
The worker ant bites you.
You die...

h. #### #..###.≈...≈.
.h##...####..##.≈#≈.≈#≈
............§....≈...≈.
.....#.....#.≈...≈...
####.###..?..#≈#≈.≈#≈.≈
.............#.≈...≈...
#####h{.....##..≈...≈.
#a##....##.≈#≈.≈#≈
#@##....###.≈...≈.
#.5.....# ##..≈...
####....####.≈#≈.≈
#....##....≈...
#....##........
.##......). ##........
#........ #........


You could see a worker ant, a crimson imp and a jackal.

Vanquished Creatures
  A centaur skeleton (D:6)
  Ijyb (D:2)
  A worker ant (D:6)
  A hound skeleton (D:6)
  A gnoll (D:1)
  5 adders
  An ooze (D:1)
  An adder skeleton (D:3)
  4 worms
  A giant gecko (D:2)
  2 orcs (D:3)
  5 giant cockroaches
  9 hobgoblins
  6 jackals
  3 kobolds
  7 bats
  3 giant newts
  9 goblins
  A jackal zombie (D:3)
  2 quokkas
  9 rats
73 creatures vanquished.

Notes
Turn   | Place    | Note
--------------------------------------------------------------
     0 | Abyss:1  | Proton the Demonspawn Abyssal Knight began the quest for the Orb.
     0 | Abyss:1  | Reached XP level 1. HP: 18/18 MP: 2/2
    32 | D:1      | Escaped the Abyss
    32 | D:1      | Noticed an ice dragon
    33 | D:1      | Noticed a white draconian
    34 | D:1      | Noticed an ice dragon
    36 | D:1      | Noticed a large abomination
    36 | D:1      | Noticed a shadow dragon
    38 | D:1      | Noticed an iron dragon
    39 | D:1      | Noticed a tentacled monstrosity
    40 | D:1      | Noticed an iron dragon
    43 | D:1      | Noticed an ice dragon
    43 | D:1      | Noticed an iron dragon
    45 | D:1      | Noticed a large abomination
    45 | D:1      | Noticed a shadow dragon
    47 | D:1      | Noticed an orb of fire
    47 | D:1      | Noticed a shadow dragon
    49 | D:1      | Noticed an orb of fire
    49 | D:1      | Noticed a black draconian
    49 | D:1      | Noticed a large abomination
    53 | D:1      | Noticed an iron dragon
   137 | D:1      | Reached skill level 1 in Dodging
   213 | D:1      | Gained mutation: You regenerate a little health from kills. [demonic ancestry]
   213 | D:1      | Reached XP level 2. HP: 24/24 MP: 4/4
   430 | D:1      | Reached XP level 3. HP: 10/29 MP: 5/5
   766 | D:1      | Reached ** piety under Lugonu
   821 | D:2      | Found a sparkling altar of Nemelex Xobeh.
   842 | D:2      | Found a radiant altar of Vehumet.
   933 | D:2      | Gained mutation: Your movements are slightly less encumbered by armour (ER -2). [demonic ancestry]
   933 | D:2      | Reached XP level 4. HP: 21/35 MP: 6/6
  1044 | D:2      | Found a glowing silver altar of Zin.
  1181 | D:2      | Noticed Ijyb
  1210 | D:2      | Killed Ijyb
  1210 | D:2      | Reached skill level 4 in Invocations
  1472 | D:3      | Gained mutation: You sometimes gain a little power by taking damage. [demonic ancestry]
  1472 | D:3      | Reached XP level 5. HP: 41/41 MP: 8/8
  1518 | D:3      | Reached *** piety under Lugonu
  1782 | D:3      | You fall through a shaft for 3 floors!
  1823 | D:6      | Noticed a sky beast
  1858 | D:6      | Slain by a worker ant

Vault maps used:
D:1:      shiori_arrival_whats_in_store_for_you
D:2:      nemelex_xobeh_ov_fountains_minmay, vehumet_crystals,
          lemuel_coloured_pillars_altar, uniq_iyjb
D:3:      wad_pebble_path, minmay_surrounded
D:6:      kennysheep_doodads, uniq_grinder

Action                   |  1- 3 |  4- 6 || total
-------------------------+-------+-------++-------
Melee: Falchion          |   129 |   200 ||   329
 Stab: Sleeping          |       |     1 ||     1
  Eat: Meat ration       |       |     1 ||     1
